 Seeded DCSS version 0.30-a0-1008-g30c9307041 (webtiles) character file.

Game seed: 14461705092793326849 (custom seed)

506 Pimp the Ducker (level 7, -2/53 HPs)
             Began as a Merfolk Gladiator on Apr 5, 2023.
             Killed by nerve-wracking pain
             ... invoked by Grinder
              (13 damage)
             ... on level 5 of the Dungeon.
             The game lasted 00:09:48 (3371 turns).

Pimp the Ducker (Merfolk Gladiator)                 Turns: 3371, Time: 00:09:49

Health: -2/53      AC:  9    Str: 17 (18) XL:     7   Next: 18%
Magic:  0/0        EV: 12    Int:  7 (9)  God:
Gold:   222        SH:  8    Dex: 13 (15) Spells: 6/6 levels left

rFire   + + .      SeeInvis .    a - +0 trident
rCold   . . .      Faith    .    f - +0 kite shield
rNeg    . . .      Spirit   .    b - +0 leather armour
rPois   .          Reflect  .    c - +1 helmet
rElec   .          Rampage  .    o - +1 cloak of the Ward {rF++ Regen+ MP-9 Str+3}
rCorr   .                        l - +0 pair of gloves
Will    .....                    i - +0 pair of boots
Stlth   +                        (no amulet)
HPRegen 1.08/turn                m - ring of wizardry
MPRegen 0.07/turn                (no ring)

@: no status effects
A: (nimble swimmer 2), mertail
a: no special abilities


You were on level 5 of the Dungeon.
You visited 1 branch of the dungeon, and saw 5 of its levels.

You collected 222 gold pieces.

Inventory:

Hand Weapons
 a - a +0 trident (weapon)
 u - the +9 staff of Wucad Mu {*channel}
   (You found it on level 4 of the Dungeon)

   *Channel:  It often returns the magic spent to cast spells, but lowers their
   success rate.
   It always returns the magic spent on miscasts.
Missiles
 d - 3 throwing nets (quivered)
 e - a javelin
Armour
 b - a +0 leather armour (worn)
 c - a +1 helmet (worn)
 f - a +0 kite shield (worn)
 i - a +0 pair of boots (worn)
 l - a +0 pair of gloves (worn)
 o - the +1 cloak of the Ward (worn) {rF++ Regen+ MP-9 Str+3}
   (You acquired it on level 3 of the Dungeon)

   Str:       It affects your strength (+3).
   rF:        It greatly protects you from fire.
   MP:        It affects your magic capacity (-9).
   Regen:     It increases your rate of health regeneration.
Jewellery
 m - a ring of wizardry (left hand)
 p - a ring of protection from cold
Wands
 t - a wand of charming (6)
Scrolls
 g - 3 scrolls of identify
 h - 2 scrolls of vulnerability
 k - a scroll of blinking
 n - 2 scrolls of silence
 r - a scroll of poison
 s - a scroll of amnesia
Potions
 j - 2 potions of curing


   Skills:
 + Level 3.9 Fighting
 + Level 5.6 Polearms
 + Level 3.6 Throwing
 + Level 1.6 Armour
 + Level 5.7 Dodging
 + Level 2.3 Shields
 + Level 0.3 Spellcasting
 + Level 0.3 Evocations


You had 6 spell levels left.
You didn't know any spells.
Your spell library contained the following spells:

 Spells                   Type           Power      Damage    Failure   Level
 Fireball                 Conj/Fire      0%         3d3       100%        5
 Iskenderun's Battlesphe  Conj           0%         2d6       100%        5
 Conjure Ball Lightning   Conj/Air       0%         3x3d6     100%        6
 Orb of Destruction       Conj           0%         9d5       100%        7


Dungeon Overview and Level Annotations

Branches:
Dungeon (5/15)
 Temple: D:4-7

Altars:
Nemelex Xobeh
Xom
Yredelemnul

Annotations:
D:5 Grinder


Innate Abilities, Weirdness & Mutations

((You are very nimble when in or above water. (Stealth+, EV+, Speed+++)))
Your lower body shifts to a powerful aquatic tail in water.


Message History

Grinder hits you. x2; You writhe in agony.
You closely miss Grinder.
Grinder is severely wounded.
Grinder barely misses you.
You hit Grinder.
Grinder is severely wounded.
Grinder misses you.
You closely miss Grinder.
Grinder is severely wounded.
Grinder says, "Make like a tree!"
Grinder blinks!
Grinder gestures at you. Pain shoots through your body!
Grinder gestures at you. Pain shoots through your body!
You hit Grinder.
Grinder is severely wounded.
Grinder closely misses you.
You closely miss Grinder.
Grinder is severely wounded.
Grinder hits you!
* * * LOW HITPOINT WARNING * * *
Grinder misses you.
You barely miss Grinder.
Grinder is severely wounded.
Grinder says, "At least Makhleb appreciates what I'm doing."
Grinder gestures at you. Pain shoots through your body!
* * * LOW HITPOINT WARNING * * *
You closely miss Grinder.
Grinder is severely wounded.
Grinder gestures at you. You resist with significant effort.
An adder comes into view.
You hit Grinder.
Grinder is severely wounded.
Grinder blinks!
Grinder gestures at you. Pain shoots through your body!
You die...

#########
........# # #.
....5...##.#S..
.?.....<.#.....
....>...........
###....@........
##.##..##.....
#...ยง## .....
#......# #...
###...## ...
....# .. +....
+..#. ####.


You could see Grinder and an adder.

Vanquished Creatures
  An ogre (D:4)
  A scorpion (D:4)
  A hound (D:4)
  An orc priest (D:3)
  An iguana (D:4)
  2 orc wizards (D:4)
  3 gnolls (D:4)
  10 adders
  3 worms (D:3)
  2 dart slugs
  8 orcs
  4 ball pythons
  9 endoplasms
  6 giant cockroaches
  9 goblins
  11 hobgoblins
  2 jackals (D:1)
  5 quokkas
  8 bats
  6 frilled lizards
  6 kobolds
  6 rats
105 creatures vanquished.

Notes
Turn   | Place    | Note
-------+----------+-------------------------------------------
     0 | D:1      | Pimp the Merfolk Gladiator began the quest for the Orb.
     0 | D:1      | Reached XP level 1. HP: 16/16 MP: 1/1
   117 | D:1      | Reached XP level 2. HP: 18/23 MP: 2/2
   431 | D:1      | Reached XP level 3. HP: 27/28 MP: 3/3
  1086 | D:2      | Found a sparkling altar of Nemelex Xobeh.
  1433 | D:3      | Reached XP level 4. HP: 34/34 MP: 4/4
  1978 | D:3      | Identified a scroll of acquirement
  1978 | D:3      | Acquired the +1 cloak of the Ward {rF++ Regen+ MP-9 Str+3}
  2121 | D:3      | Reached skill level 1 in Shields
  2121 | D:3      | Reached XP level 5. HP: 27/41 MP: 5/5
  2346 | D:4      | Reached skill level 5 in Dodging
  2380 | D:4      | Reached skill level 5 in Polearms
  2413 | D:3      | Reached skill level 1 in Armour
  2463 | D:4      | Reached XP level 6. HP: 47/47 MP: 0/6
  2498 | D:4      | HP: 2/47 [ogre/+0 giant spiked club (32)]
  2726 | D:4      | Found a sparkling altar of Nemelex Xobeh.
  2736 | D:4      | Found a basalt altar of Yredelemnul.
  3064 | D:4      | Found the +9 staff of Wucad Mu {*channel}
  3124 | D:4      | Reached XP level 7. HP: 45/53 MP: 0/7
  3178 | D:4      | Found a shimmering altar of Xom.
  3310 | D:5      | Entered Level 5 of the Dungeon
  3310 | D:5      | Noticed Grinder
  3312 | D:5      | Paralysed by Grinder for 3 turns
  3371 | D:5      | Killed from afar by Grinder

Illustrated notes

Levels and vault maps discovered:
D:1:      wander_arrival_peaceful_grave, layout_basic, serial_curves,
          eino_curves_03, eino_curves_03, roderic_filled_cross,
          minmay_hexomino_p4
D:2:      layout_rooms, basic_altar
D:3:      minmay_chambers_of_threes, layout_basic
D:4:      minmay_evil_eye, layout_loops_cross, lemuel_round_altar,
          mainiacjoe_overflow_small_starburst, nemelex_dance_club_becter,
          grunt_ministairs_2
D:5:      cheibrodos_barr_body, layout_rooms, demons_altar,
          nicolae_hepliaklqana_monster_ancestors, nicolae_tso_carved_into_rock,
          mainiacjoe_overflow_alcove_4, grunt_ministairs_15, uniq_grinder

Skill      XL: |  1  2  3  4  5  6 |
---------------+-------------------+-----
Fighting       | 3 |  3.9
Shields        | 1 2 |  2.3
Throwing       | 3 |  3.6
Dodging        | 5 |  5.7
Polearms       | 5 |  5.6
Armour         | 1 |  1.6
Spellcasting   | |  0.3
Evocations     | |  0.3

Action                     |  1- 3 |  4- 6 |  7- 9 || total
---------------------------+-------+-------+-------++-------
  Melee: Trident           |   145 |   238 |    27 ||   410
         Punch             |     1 |       |       ||     1
    Use: Scroll            |     8 |     3 |       ||    11
         Potion            |       |     3 |     1 ||     4
   Stab: Sleeping          |     2 |     1 |       ||     3
 Armour: Leather armour    |    74 |    72 |     7 ||   153
  Dodge: Dodged            |   113 |   127 |    13 ||   253
  Block: Kite shield       |    20 |   109 |     8 ||   137

Table legend: (Time is in decaauts)
 A = Elapsed time spent in this place.
 B = Non-inter-level travel time spent in this place.
 C = Inter-level travel time spent in this place.
 D = Time resting spent in this place.
 E = Time spent auto-exploring this place.
 F = Levels seen in this place.
 G = Mean time per level.
                   A        B        C        D        E       F      G
               +--------+--------+--------+--------+--------+-----+--------+
         Total |   3454 |   3285 |    169 |    324 |   1868 |   5 |  690.8 |
       Dungeon |   3454 |   3285 |    169 |    324 |   1868 |   5 |  690.8 |
               +--------+--------+--------+--------+--------+-----+--------+

Top non-repeatable levels by time:
     D:3: 1083 daAuts
     D:4: 956 daAuts
     D:1: 803 daAuts
     D:2: 571 daAuts
     D:5: 40 daAuts
